 Dungeon Crawl Stone Soup version 0.31.0-11-ge490571c62 (webtiles) character file.

Game seed: 3619508587301765575

211 CraigForest the Shooter (level 5, 0/67 HPs)
             Began as a Minotaur Hunter on Feb 5, 2024.
             Was an Initiate of Gozag.
             Slain by a gnoll
             ... wielding a +2 spear of flaming
             ... led by a gnoll bouda
              (1 damage)
             ... on level 4 of the Dungeon.
             The game lasted 00:09:44 (3108 turns).

CraigForest the Shooter (Minotaur Hunter)           Turns: 3108, Time: 00:09:47

Health: 0/67       AC:  9    Str: 15    XL:     5   Next: 57%
Magic:  4/4        EV:  8    Int:  6    God:    Gozag
Gold:   499        SH:  0    Dex: 16    Spells: 4/4 levels left

rFire   . . .        t - +0 long sword (heavy)
rCold   . . .        (no shield)
rNeg    . . .        s - +0 chain mail
rPois   .            p - +1 hat
rElec   .            (no cloak)
rCorr   .            (no gloves)
SInv    .            (no boots)
Will    .....        (no amulet) Stlth
                     (no ring)
HPRegen 0.31/turn    (no ring)
MPRegen 0.09/turn

%: no passive effects
@: berserking, weakened, gold aura, very quick
A: horns 2, retaliatory headbutt
a: Renounce Religion, Potion Petition, Call Merchant, Bribe Branch


You were on level 4 of the Dungeon.
You worshipped Gozag.
Gozag was aware of your devotion.
You visited 1 branch of the dungeon, and saw 4 of its levels.

You collected 525 gold pieces.
You paid 26 gold pieces to Gozag.

Inventory:

Hand Weapons
 a - a +0 shortbow
 e - a +0 dagger
 q - a +0 long sword
 t - a +0 heavy long sword (weapon)
Armour
 c - a +0 leather armour
 p - a +1 hat (worn)
 s - a +0 chain mail (worn)
Scrolls
 b - 2 scrolls of butterflies
 d - a scroll of brand weapon {unknown}
 g - a scroll of teleportation
 h - a scroll of enchant weapon {unknown}
 i - a scroll of enchant armour {unknown}
 n - a scroll of vulnerability {unknown}
 o - 8 scrolls of identify
 r - a scroll of fog {unknown}
 v - a scroll of immolation {unknown}
Potions
 f - a potion of resistance {unknown}
 j - a potion of heal wounds
 l - 2 potions of lignification
 m - a potion of enlightenment {unknown}
 u - a potion of degeneration {unknown}


   Skills:
 + Level 3.1 Fighting
 + Level 0.5 Long Blades
 + Level 6.6 Ranged Weapons
 + Level 2.0 Armour
 + Level 2.8 Dodging
 + Level 0.9 Stealth


You had 4 spell levels left.
You didn't know any spells.
Your spell library contained the following spells:

 Spells                   Type           Power      Damage    Failure   Level
 Apportation              Tloc           0%         N/A       100%        1
 Necrotise                Necr           0%         1d4       100%        1
 Shock                    Conj/Air       0%         1d3       100%        1
 Sting                    Conj/Alch      0%         1d3       100%        1
 Summon Small Mammal      Summ           0%         N/A       100%        1
 Swiftness                Air            0%         N/A       100%        3
 Airstrike                Air            0%         2d(0-16)  100%        4


Dungeon Overview and Level Annotations

Branches:
Dungeon (4/15)
 Temple: D:4-7

Altars:
Gozag

Shops:
D:2 [


Innate Abilities, Weirdness & Mutations

You have a pair of horns on your head.
You reflexively headbutt those who attack you in melee.


Message History

You punch the gnoll bouda, but do no damage.
The gnoll bouda is severely wounded.
The gnoll bouda gazes fiercely through you!
You feel your attacks grow feeble. The gnoll closely misses you.
The gnoll bouda barks out a call to the hunt!
The gnolls pick up the pace!
The gnoll hits you from afar with a +0 spear.
The gnoll is no longer moving quickly.
The gnoll bouda completely misses you. You furiously retaliate!
You headbutt the gnoll bouda. The gnoll attacks as it pursues you!
The gnoll barely misses you.
The gnoll bouda barks out a call to the hunt!
The gnoll picks up the pace!
The gnoll closely misses you.
The gnoll bouda hits you with a +0 club.
* * * LOW HITPOINT WARNING * * *
You hit the gnoll bouda.
You kill the gnoll bouda!
The gnoll hits you but does no damage. x3; The gnoll barely misses you.
The gnoll hits you with a +0 spear.
* * * LOW HITPOINT WARNING * * *
Your Fighting skill increases to level 3!
Your Armour skill increases to level 2!
A red film seems to cover your vision as you go berserk!
You feel yourself moving faster!
You feel mighty! The gnoll hits you with a +0 flail.
* * * LOW HITPOINT WARNING * * *
The gnoll hits you from afar with a +2 spear of flaming.
* * * LOW HITPOINT WARNING * * *
The gnoll burns you.
* * * LOW HITPOINT WARNING * * *
The gnoll barely misses you.
You feel a strong urge to attack something.
The gnoll is distracted by your dazzling golden aura.
The gnoll attacks as it pursues you!
The gnoll hits you from afar with a +2 spear of flaming.
* * * LOW HITPOINT WARNING * * *
The gnoll burns you.
You die...
Your body crumbles into a pile of gold.

### #. #.# #.
#<# #. #.# #.
#.# #. #.# #.
#.# #.##g#####
#.@gg.g..####...
#.######........
#. #........ #.
#g.....## #.
.g.###.# #. .g.#
# #. ....# #)
..... ######


You could see 4 gnolls.

Vanquished Creatures
  A gnoll bouda (D:4)
  Robin (D:3)
  4 adders
  2 dart slugs
  2 ribbon worms (D:2)
  6 orcs (D:3)
  4 ball pythons
  11 endoplasms
  4 giant cockroaches
  13 goblins
  9 hobgoblins
  8 jackals (D:3)
  4 quokkas
  7 bats
  4 frilled lizards
  4 kobolds
  11 rats
95 creatures vanquished.

Vanquished Creatures (others)
  An orc wizard (D:3)
1 creature vanquished.

Grand Total: 96 creatures vanquished

Notes
Turn   | Place    | Note
-------+----------+-------------------------------------------
     0 | D:1      | CraigForest the Minotaur Hunter began the quest for the
                  | Orb.
     0 | D:1      | Reached XP level 1. HP: 18/18 MP: 0/0
   137 | D:1      | Reached XP level 2. HP: 14/25 MP: 1/1
   324 | D:1      | Reached skill level 5 in Ranged Weapons
   820 | D:1      | Reached XP level 3. HP: 28/30 MP: 2/2
  1063 | D:1      | Found a faded altar of an unknown god.
  1188 | D:2      | Found an opulent altar of Gozag.
  1194 | D:2      | Became a worshipper of Gozag Ym Sagoz the Greedy
  1443 | D:2      | Reached skill level 1 in Armour
  1587 | D:2      | Found Isahasch's Armour Shop.
  1597 | D:2      | Reached XP level 4. HP: 37/37 MP: 3/3
  2027 | D:3      | Noticed Robin
  2064 | D:3      | Killed Robin
  2069 | D:3      | Reached skill level 6 in Ranged Weapons
  2088 | D:3      | Found an opulent altar of Gozag.
  2289 | D:3      | Reached XP level 5. HP: 42/42 MP: 4/4
  2925 | D:3      | Identified the +0 leather armour of Giunuku {Int+4 Dex+2}
  3107 | D:4      | HP: 2/67 [gnoll/+2 spear of flaming[a gnoll bouda] (2)]
  3108 | D:4      | Slain by a gnoll

Illustrated notes

Levels and vault maps discovered:
D:1:      tarquinn_simple_flora_water_c, layout_basic,
          hellmonk_ecumenical_altar_prayer_group, minivault_25,
          minmay_rat_gold_closets
D:2:      layout_basic, basic_altar, serial_shops, shop,
          chequers_serial_rivers_marsh
D:3:      layout_loops_corners, mainiacjoe_overflow_cross_hatched,
          chequers_serial_rivers_large_a, saegor_snake_ambush, uniq_robin
D:4:      layout_basic, nicolae_yredelemnul_corpse_copse, nzn_random_ring

Skill      XL: |  1  2  3  4  5 |
---------------+----------------+-----
Ranged Weapons | 5 6 |  6.6
Armour         | 1 2 |  2.0
Fighting       | 3 |  3.1
Long Blades    | |  0.5
Dodging        | |  2.8
Stealth        | |  0.9

Action                     |  1- 3 |  4- 6 || total
---------------------------+-------+-------++-------
  Melee: Long sword        |       |    22 ||    22
         Headbutt          |       |     4 ||     4
         Punch             |       |     2 ||     2
   Fire: Shortbow          |   111 |    87 ||   198
    Use: Scroll            |     4 |       ||     4
         Potion            |       |     1 ||     1
 Armour: Leather armour    |    15 |    41 ||    56
         Chain mail        |       |    57 ||    57
  Dodge: Dodged            |    22 |    52 ||    74
